BSA
KENILWORTH ACES @ POCATELLO BELLAS
10/27/2030
 
TOP OF THE 1ST
Kenilworth Aces batting - Pitching for Pocatello Bellas : LHP Hong-ryul Yun
Pitching: LHP Hong-ryul Yun
Batting: LHB Barrett Waters 0-0: Called Strike
0-1: Ball
1-1: Called Strike
1-2: Strikes out swinging
Batting: RHB Jorge Jiménez 0-0: Called Strike
0-1: SOLO HOME RUN (Flyball, 9D), Distance : 360 ft
Batting: LHB Santiago Márquez 0-0: Ball
1-0: Ball
2-0: Fly out, F8 (Flyball, 8LM)
Batting: LHB Roy Patrick 0-0: Ball
1-0: SOLO HOME RUN (Flyball, 9LD), Distance : 352 ft
Batting: SHB Julián Madrid 0-0: Ball
1-0: Called Strike
1-1: Ball
2-1: Ball
3-1: Base on Balls
Batting: RHB Luis Sánchez 0-0: Foul Ball, location: 2F
0-1: Foul Ball, location: 2F
0-2: Fielders Choice at 2nd, 5-4 (Groundball, 56)
Top of the 1st over - 2 runs, 2 hits, 0 errors, 1 left on base; Kenilworth 2 - Pocatello 0
BOTTOM OF THE 1ST
Pocatello Bellas batting - Pitching for Kenilworth Aces : RHP Walt Burton
Pitching: RHP Walt Burton
Batting: RHB Buck Jones 0-0: Ball
1-0: Ball
2-0: Swinging Strike
2-1: Foul Ball, location: 2F
2-2: Fly out, F9 (Line Drive, 9D)
Batting: LHB Chris Bates 0-0: Ball
1-0: Swinging Strike
1-1: Ball
2-1: Foul Ball, location: 2F
2-2: Fly out, F7 (Flyball, 78D)
Batting: RHB António Ortega 0-0: SINGLE (Groundball, 6MD)
Batting: SHB Shane Hutchinson 0-0: Ball
1-0: Called Strike
1-1: Foul Ball, location: 2F
1-2: Ground out 4-3 (Groundball, 34)
Bottom of the 1st over - 0 runs, 1 hit, 0 errors, 1 left on base; Kenilworth 2 - Pocatello 0
TOP OF THE 2ND
Kenilworth Aces batting - Pitching for Pocatello Bellas : LHP Hong-ryul Yun
Batting: RHB Wilbert Rodgers 0-0: Called Strike
0-1: Ball
1-1: Ball
2-1: Ground out 5-3 (Groundball, 56)
Batting: RHB Hollis Wood 0-0: Called Strike
0-1: SINGLE (Flyball, 9S)
Batting: RHB Taylor McFarland 0-0: SINGLE (Line Drive, 8RS)
Hollis Wood to second
Batting: LHB Barrett Waters 0-0: Ball
1-0: Fielders Choice at 2nd, 1-6 (Groundball, 13S)
Hollis Wood to third
Batting: RHB Jorge Jiménez 0-0: Ball
1-0: Swinging Strike
1-1: Ball
2-1: Foul Ball, location: 2F
2-2: Fly out, F9 (Flyball, 89M)
Top of the 2nd over - 0 runs, 2 hits, 0 errors, 2 left on base; Kenilworth 2 - Pocatello 0
BOTTOM OF THE 2ND
Pocatello Bellas batting - Pitching for Kenilworth Aces : RHP Walt Burton
Batting: LHB Roberto García 0-0: Foul Ball, location: 2F
0-1: DOUBLE (Flyball, 8LXD)
Batting: RHB Júlio Figueroa 0-0: Foul Ball, location: 2F
0-1: Ball
1-1: Ball
2-1: Foul Ball, location: 2F
2-2: Fly out, F4 (Line Drive, 4)
Batting: RHB Francisco Ibarra 0-0: Ball
1-0: DOUBLE (Flyball, 89D)
Roberto García scores
Batting: RHB Javier Deleón 0-0: Called Strike
0-1: Foul Ball, location: 2F
0-2: Strikes out swinging
Batting: RHB Lonnie Anderson 0-0: Ball
1-0: Ball
2-0: DOUBLE (Line Drive, 89XD)
Francisco Ibarra scores
Batting: RHB Buck Jones 0-0: Called Strike
0-1: Foul Ball, location: 2F
0-2: Foul Ball, location: 2F
0-2: Ball
1-2: 2-RUN HOME RUN (Flyball, 7D), Distance : 368 ft
Batting: LHB Chris Bates 0-0: Ball
1-0: Ball
2-0: Ground out 5-3 (Groundball, 56)
Bottom of the 2nd over - 4 runs, 4 hits, 0 errors, 0 left on base; Kenilworth 2 - Pocatello 4
TOP OF THE 3RD
Kenilworth Aces batting - Pitching for Pocatello Bellas : LHP Hong-ryul Yun
Batting: LHB Santiago Márquez 0-0: Ball
1-0: Foul Ball, location: 2F
1-1: SOLO HOME RUN (Flyball, 9LD), Distance : 348 ft
Batting: LHB Roy Patrick 0-0: Swinging Strike
0-1: Ball
1-1: Foul Ball, location: 2F
1-2: Foul Ball, location: 2F
1-2: Strikes out swinging
Batting: SHB Julián Madrid 0-0: Ball
1-0: Foul Ball, location: 2F
1-1: Ball
2-1: Foul Ball, location: 2F
2-2: Ground out 4-3 (Groundball, 4)
Batting: RHB Luis Sánchez 0-0: Ball
1-0: Called Strike
1-1: Called Strike
1-2: SINGLE (Line Drive, 8LS)
Batting: RHB Wilbert Rodgers 0-0: Called Strike
0-1: DOUBLE (Line Drive, 7D)
Luis Sánchez to third
Batting: RHB Hollis Wood 0-0: Ball
1-0: Called Strike
1-1: Ball
2-1: Foul Ball, location: 2F
2-2: Foul Ball, location: 2F
2-2: Ground out 5-3 (Groundball, 56)
Top of the 3rd over - 1 run, 3 hits, 0 errors, 2 left on base; Kenilworth 3 - Pocatello 4
BOTTOM OF THE 3RD
Pocatello Bellas batting - Pitching for Kenilworth Aces : RHP Walt Burton
Batting: RHB António Ortega 0-0: Called Strike
0-1: Called Strike
0-2: Ball
1-2: Foul Ball, location: 2F
1-2: Strikes out swinging
Batting: SHB Shane Hutchinson 0-0: Ball
1-0: Ball
2-0: Ball
3-0: Foul Ball, location: 2F
3-1: Called Strike
3-2: Fly out, F5 (Line Drive, 56)
Batting: LHB Roberto García 0-0: Ball
1-0: Called Strike
1-1: Ball
2-1: Swinging Strike
2-2: Ball
3-2: Foul Ball, location: 2F
3-2: Ground out 6-3 (Groundball, 6)
Bottom of the 3rd over - 0 runs, 0 hits, 0 errors, 0 left on base; Kenilworth 3 - Pocatello 4
TOP OF THE 4TH
Kenilworth Aces batting - Pitching for Pocatello Bellas : LHP Hong-ryul Yun
Batting: RHB Taylor McFarland 0-0: Ball
1-0: Fly out, F4 (Line Drive, 4)
Batting: LHB Barrett Waters 0-0: Swinging Strike
0-1: Swinging Strike
0-2: Strikes out swinging
Batting: RHB Jorge Jiménez 0-0: Ball
1-0: SINGLE (Groundball, 56D)
Batting: LHB Santiago Márquez 0-0: Ball
Wild Pitch!
Jorge Jiménez to second
1-0: Ball
2-0: Ball
3-0: Base on Balls
Batting: LHB Roy Patrick 0-0: Ball
1-0: Swinging Strike
1-1: 3-RUN HOME RUN (Flyball, 9D), Distance : 348 ft
Batting: SHB Julián Madrid 0-0: Ball
1-0: Fly out, F9 (Flyball, 89S)
Top of the 4th over - 3 runs, 2 hits, 0 errors, 0 left on base; Kenilworth 6 - Pocatello 4
BOTTOM OF THE 4TH
Pocatello Bellas batting - Pitching for Kenilworth Aces : RHP Walt Burton
Batting: RHB Júlio Figueroa 0-0: Ball
1-0: Ball
2-0: Swinging Strike
2-1: SINGLE (Groundball, 23) (infield hit)
Batting: RHB Francisco Ibarra 0-0: Called Strike
0-1: DOUBLE (Line Drive, 8RXD)
Júlio Figueroa to third
Batting: RHB Javier Deleón 0-0: Ball
1-0: Called Strike
1-1: Called Strike
1-2: Fly out, F7 (Flyball, 7S)
Batting: RHB Lonnie Anderson 0-0: Fly out, F9 (Flyball, 89D)
Runner from 3rd tags up, SCORES, throw made
Francisco Ibarra to third
Batting: RHB Buck Jones 0-0: DOUBLE (Line Drive, 9LM)
Francisco Ibarra scores
Batting: LHB Chris Bates 0-0: Called Strike
0-1: Ball
1-1: Ground out 4-3 (Groundball, 4)
Bottom of the 4th over - 2 runs, 3 hits, 0 errors, 1 left on base; Kenilworth 6 - Pocatello 6
TOP OF THE 5TH
Kenilworth Aces batting - Pitching for Pocatello Bellas : LHP Hong-ryul Yun
Pitching: RHP Jing-xiang Fa
Batting: RHB Luis Sánchez 0-0: Ball
1-0: Called Strike
1-1: Ball
2-1: Ground out 1-3 (Groundball, 13)
Batting: RHB Wilbert Rodgers 0-0: Ball
1-0: Ball
2-0: Foul Ball, location: 2F
2-1: Swinging Strike
2-2: Strikes out looking
Batting: RHB Hollis Wood 0-0: Ball
1-0: Ball
2-0: Ball
3-0: Called Strike
3-1: Foul Ball, location: 2F
3-2: SINGLE (Groundball, 6MD)
Batting: RHB Taylor McFarland 0-0: SINGLE (Groundball, 34S) (infield hit)
Hollis Wood to second
Batting: LHB Barrett Waters 0-0: Ball
1-0: Swinging Strike
1-1: Ball
2-1: Ball
3-1: Called Strike
3-2: Strikes out looking
Top of the 5th over - 0 runs, 2 hits, 0 errors, 2 left on base; Kenilworth 6 - Pocatello 6
BOTTOM OF THE 5TH
Pocatello Bellas batting - Pitching for Kenilworth Aces : RHP Walt Burton
Batting: RHB António Ortega 0-0: Ball
1-0: Swinging Strike
1-1: Foul Ball, location: 2F
1-2: Ground out 5-3 (Groundball, 56)
Batting: SHB Shane Hutchinson 0-0: Foul Ball, location: 2F
0-1: Called Strike
0-2: Ball
1-2: Fly out, F7 (Flyball, 78D)
Batting: LHB Roberto García 0-0: Ball
1-0: Ball
2-0: Called Strike
2-1: Foul Ball, location: 2F
2-2: Fly out, F7 (Flyball, 7D)
Bottom of the 5th over - 0 runs, 0 hits, 0 errors, 0 left on base; Kenilworth 6 - Pocatello 6
TOP OF THE 6TH
Kenilworth Aces batting - Pitching for Pocatello Bellas : RHP Jing-xiang Fa
Batting: RHB Jorge Jiménez 0-0: Swinging Strike
0-1: Ball
1-1: Foul Ball, location: 2F
1-2: Foul Ball, location: 2F
1-2: Reached on error, E3 (Groundball, 34)
Batting: LHB Santiago Márquez 0-0: Ball
1-0: Ball
2-0: Foul Ball, location: 2F
2-1: Called Strike
2-2: Foul Ball, location: 2F
2-2: Ball
3-2: Fly out, F7 (Line Drive, 78S)
Batting: LHB Roy Patrick 0-0: Ball
1-0: Ball
2-0: Ball
3-0: Base on Balls
Jorge Jiménez to second
Batting: SHB Julián Madrid 0-0: Ball
1-0: Ball
2-0: Fly out, F9 (Flyball, 89M)
Batting: RHB Luis Sánchez 0-0: Foul Ball, location: 2F
0-1: Ball
1-1: 3-RUN HOME RUN (Flyball, 7LD), Distance : 334 ft
Pitching: RHP José Ruíz
Batting: RHB Wilbert Rodgers 0-0: Ball
1-0: Ball
2-0: Swinging Strike
2-1: Ball
3-1: SINGLE (Groundball, 6MD)
Batting: RHB Hollis Wood 0-0: Swinging Strike
0-1: Fly out, F8 (Line Drive, 8RM)
Top of the 6th over - 3 runs, 2 hits, 1 error, 1 left on base; Kenilworth 9 - Pocatello 6
BOTTOM OF THE 6TH
Pocatello Bellas batting - Pitching for Kenilworth Aces : RHP Walt Burton
Batting: RHB Júlio Figueroa 0-0: SINGLE (Line Drive, 6MD)
Batting: RHB Francisco Ibarra 0-0: Ball
1-0: Ground out 5-3 (Groundball, 5S)
Júlio Figueroa to second
Batting: RHB Javier Deleón 0-0: Ground out 5-3 (Groundball, 56)
Batting: RHB Lonnie Anderson 0-0: Ball
1-0: Ball
2-0: SINGLE (Flyball, 78S)
Júlio Figueroa to third
Runner from 3rd tries for Home, SAFE, no throw
Batting: RHB Buck Jones 0-0: Ball
1-0: Called Strike
1-1: Ball
2-1: Foul Ball, location: 2F
2-2: SINGLE (Flyball, 9S)
Lonnie Anderson to second
Runner from 2nd tries for 3rd, SAFE, no throw
Pitching: RHP Bartolo García
Batting: LHB Chris Bates 0-0: Foul Ball, location: 2F
0-1: Ball
1-1: Fly out, F8 (Flyball, 8RS)
Bottom of the 6th over - 1 run, 3 hits, 0 errors, 2 left on base; Kenilworth 9 - Pocatello 7
TOP OF THE 7TH
Kenilworth Aces batting - Pitching for Pocatello Bellas : RHP José Ruíz
Batting: RHB Taylor McFarland 0-0: Ball
1-0: Ball
2-0: Called Strike
2-1: Swinging Strike
2-2: Ball
3-2: Base on Balls
Batting: LHB Barrett Waters 0-0: Sac Bunt - play at first, batter OUT! U3
Taylor McFarland to second
Batting: RHB Jorge Jiménez 0-0: Called Strike
0-1: Ball
1-1: Foul Ball, location: 2F
1-2: Ball
2-2: Foul Ball, location: 2F
2-2: Strikes out looking
Batting: LHB Santiago Márquez 0-0: Ball
1-0: Foul Ball, location: 2F
1-1: Fly out, F3 (Line Drive, 34S)
Top of the 7th over - 0 runs, 0 hits, 0 errors, 1 left on base; Kenilworth 9 - Pocatello 7
BOTTOM OF THE 7TH
Pocatello Bellas batting - Pitching for Kenilworth Aces : RHP Bartolo García
Batting: RHB António Ortega 0-0: Called Strike
0-1: Fly out, F8 (Line Drive, 8RXD)
Batting: SHB Shane Hutchinson 0-0: Foul Ball, location: 2F
0-1: Fly out, F7 (Line Drive, 7LM)
Pitching: LHP Mark Murchison
Batting: LHB Roberto García 0-0: Called Strike
0-1: Swinging Strike
0-2: Ground out 4-3 (Groundball, 34D)
Bottom of the 7th over - 0 runs, 0 hits, 0 errors, 0 left on base; Kenilworth 9 - Pocatello 7
TOP OF THE 8TH
Kenilworth Aces batting - Pitching for Pocatello Bellas : RHP José Ruíz
Pitching: RHP Jaime Espinoza
Batting: LHB Roy Patrick 0-0: Ball
1-0: Ball
2-0: DOUBLE (Line Drive, 9LM)
Batting: SHB Julián Madrid 0-0: Intentional Walk
Batting: RHB Luis Sánchez 0-0: Ball
1-0: Ball
2-0: Called Strike
2-1: Grounds into double play, 6-4-3 (Groundball, 6)
Roy Patrick to third
Batting: RHB Wilbert Rodgers 0-0: Ball
1-0: Fly out, F6 (Popup, 6S)
Top of the 8th over - 0 runs, 1 hit, 0 errors, 1 left on base; Kenilworth 9 - Pocatello 7
BOTTOM OF THE 8TH
Pocatello Bellas batting - Pitching for Kenilworth Aces : LHP Mark Murchison
Pitching: RHP Robinson Gonzáles
Batting: RHB Júlio Figueroa 0-0: Ground out 5-3 (Groundball, 56)
Batting: RHB Francisco Ibarra 0-0: Ball
1-0: Fly out, F3 (Popup, 34S)
Batting: RHB Javier Deleón 0-0: Foul Ball, location: 2F
0-1: Swinging Strike
0-2: Ball
1-2: Ball
2-2: Strikes out looking
Bottom of the 8th over - 0 runs, 0 hits, 0 errors, 0 left on base; Kenilworth 9 - Pocatello 7
TOP OF THE 9TH
Kenilworth Aces batting - Pitching for Pocatello Bellas : RHP Jaime Espinoza
Batting: RHB Hollis Wood 0-0: SINGLE (Groundball, 34D)
Batting: RHB Taylor McFarland 0-0: Ball
1-0: Swinging Strike
1-1: Ball
2-1: Ground out 4-3 (Groundball, 34)
Hollis Wood to second
Batting: LHB Barrett Waters 0-0: Intentional Walk
Batting: RHB Jorge Jiménez 0-0: Ball
1-0: Foul Ball, location: 2F
1-1: Called Strike
1-2: Foul Ball, location: 2F
1-2: Ball
2-2: Strikes out swinging
Batting: LHB Santiago Márquez 0-0: Ball
1-0: Called Strike
1-1: Foul Ball, location: 2F
1-2: Ball
2-2: Foul Ball, location: 2F
2-2: Fly out, F5 (Line Drive, 5)
Top of the 9th over - 0 runs, 1 hit, 0 errors, 2 left on base; Kenilworth 9 - Pocatello 7
BOTTOM OF THE 9TH
Pocatello Bellas batting - Pitching for Kenilworth Aces : RHP Robinson Gonzáles
Pitching: RHP Tony Rocha
Batting: RHB Lonnie Anderson 0-0: Called Strike
0-1: Swinging Strike
0-2: Foul Ball, location: 2F
0-2: Ball
1-2: Ground out 3-1 (Groundball, 34)
Batting: RHB Buck Jones 0-0: Ball
1-0: Swinging Strike
1-1: Ball
2-1: Ball
3-1: Foul Ball, location: 2F
3-2: SINGLE (Line Drive, 9LM)
Batting: LHB Chris Bates 0-0: Ground out 6-3 (Groundball, 6MS)
Buck Jones to second
Batting: RHB António Ortega 0-0: Ball
1-0: Called Strike
1-1: Ball
2-1: Ground out 6-3 (Groundball, 56)
Bottom of the 9th over - 0 runs, 1 hit, 0 errors, 1 left on base; Kenilworth 9 - Pocatello 7
Saturday, April 7th, 2018 - OOTP Baseball 18.8 Build 76